 Dungeon Crawl Stone Soup version 0.31-a0-876-gfe8ebadbca (webtiles) character file.

Game seed: 14660824723143416695

203 wingedge the Magician (level 5, -3/35 HPs)
             Began as a Mummy Earth Elementalist on Oct 12, 2023.
             Slain by a phantom (7 damage)
             ... on level 4 of the Dungeon on Oct 13, 2023.
             The game lasted 00:17:26 (3536 turns).

wingedge the Magician (Mummy Earth Elementalist)    Turns: 3536, Time: 00:17:27

Health: -3/35      AC:  3    Str: 11    XL:     5   Next: 51%
Magic:  3/12       EV: 12    Int: 16    God:
Gold:   68         SH:  0    Dex: 13    Spells: 10/14 levels left

rFire   x . .        f - +1 mace (heavy)
rCold   + . .        (no shield)
rNeg    + + +        a - +0 robe
rPois   ∞            (no helmet)
rElec   .            (no cloak)
rCorr   .            (no gloves)
SInv    .            d - +0 pair of boots
Will    .....        (no amulet)
Stlth   +            (no ring)
HPRegen 0.25/turn    (no ring)
MPRegen 0.13/turn

%: faith
@: silenced
A: cold resistance 1, negative energy resistance 3, torment resistance 2, heat
vulnerability 1, in touch with death 1, no potions, faith
a: no special abilities


You were on level 4 of the Dungeon.
You visited 1 branch of the dungeon, and saw 4 of its levels.

You collected 68 gold pieces.

Inventory:

Hand Weapons
 c - a +0 dagger
 e - a +0 hand axe
 f - a +1 heavy mace (weapon)
Armour
 a - a +0 robe (worn)
 d - a +0 pair of boots (worn)
Scrolls
 b - a scroll of immolation
 h - 3 scrolls of enchant weapon
 l - 3 scrolls of vulnerability
 m - a scroll of enchant armour {unknown}


   Skills:
 - Level 1.5 Dodging
 - Level 1.5 Stealth
 - Level 5.0 Spellcasting
 + Level 2.7 Conjurations
 - Level 0.7 Transmutations
 - Level 3.0 Earth Magic


You had 10 spell levels left.
You knew the following spells:

 Your Spells              Type           Power      Damage    Failure   Level
a - Sandblast             Erth           26%        2d8       4%          1
b - Stone Arrow           Conj/Erth      26%        3d8       14%         3

Your spell library contained the following spells:

 Spells                   Type           Power      Damage    Failure   Level
 Passwall                 Tmut/Erth      8%         N/A       11%         2
 Slow                     Hex            16%        N/A       16%         1
 Confusing Touch          Hex            4%         N/A       41%         3
 Sigil of Binding         Hex            4%         N/A       41%         3
 Tukima's Dance           Hex            4%         N/A       41%         3
 Vampiric Draining        Necr           6%         2d6       41%         3
 Brom's Barrelling Bould  Conj/Erth      13%        2d4       43%         4
 Petrify                  Tmut/Erth      10%        N/A       56%         4
 Iskenderun's Mystic Bla  Conj/Tloc      8%         2d4       65%         4
 Dimensional Bullseye     Hex/Tloc       2%         N/A       83%         4


Dungeon Overview and Level Annotations

Branches:
Dungeon (4/15)
 Temple: D:4-7

Altars:
Trog

Annotations:
D:2 Sigmund, Terence
D:3 beware of sig and terry upstairs
D:4 Eustachio


Innate Abilities, Weirdness & Mutations

You are immune to poison.
Your flesh is cold resistant. (rC+)
You are immune to negative energy. (rN+++)
You are immune to unholy pain and torment.
You are vulnerable to heat. (rF-)
You are in touch with the powers of death.
You do not drink.
You have a special connection with the divine. (Faith)


Message History

The bat hits you but does no damage. The bat misses you.
Eustachio hits you with a +0 rapier of draining.
The bat hits you. Eustachio barely misses you.
You closely miss Eustachio.
Eustachio is moderately wounded.
The bat hits you but does no damage.
Eustachio hits you with a +0 rapier of draining.
Eustachio completely misses you. The river rat closely misses you.
As you read the scroll labelled OBRYEKKY WUUNI, it dissolves into smoke.
It was a scroll of fog.
The bat hits you but does no damage. The phantom hits you.
Eustachio closely misses you. The river rat bites you.
The bat completely misses you.
Eustachio hits you with a +0 rapier of draining.
The river rat closely misses you.
Eustachio hits you with a +0 rapier of draining.
As you read the scroll labelled YPLAEGROTOCS, it crumbles to dust.
You feel aware of your surroundings.
You sensed 3 altars.
It was a scroll of revelation.
The bat barely misses you. The phantom closely misses you.
The bat closely misses you.
Eustachio zaps a wand.
As you read the scroll labelled KIHAVA QOZO, it crumbles to dust.
A profound silence engulfs you.
It was a scroll of silence.
The bat closely misses you. The phantom hits you.
Eustachio hits you with a +0 rapier of draining.
* * * LOW HITPOINT WARNING * * *
The bat hits you.
* * * LOW HITPOINT WARNING * * *
Eustachio zaps a wand.
You resist with some effort. The phantom attacks as it pursues you!
The phantom hits you.
* * * LOW HITPOINT WARNING * * *
The phantom blinks!
You blink.
Okay, then.
Magic scrolls do not work when you're silenced!
Eustachio mumbles some strange words.
You barely miss the phantom.
The phantom hits you but does no damage.
The phantom hits you.
* * * LOW HITPOINT WARNING * * *
The phantom hits you!
You die...

,,,,,,,,,,,,,.........)..§§§§§§.###
,,,,,,,,,,,,,........#####§§§§§§###
,,,,,,,,,,***##############§§§§####
,,,,,,,,,,* ##############b§§§§...
,,,,,,,,,,* #..........§§§§§§§....
*********** #...........§.§§§§....
#............§@§§..?.. *
#############.##..^... *
#.@Wr..@....##.##### *
#.############.##### * #.#
###.......##### * #.#
###.########### * #.# #.b@<..# *
########.# ####.#.# * #...)..#)#
#...#.# * #####.####.#.# #.###.# *
#<))...###.#.# #.....#


You could see Eustachio, a phantom and a river rat (summoned).

Vanquished Creatures
  Jessica (D:2)
  Robin (D:3)
  8 adders
  4 orcs (D:4)
  5 bats
  9 endoplasms
  6 giant cockroaches
  10 goblins
  10 hobgoblins
  10 jackals
  7 kobolds
  A quokka (D:1)
  6 frilled lizards
  3 rats
81 creatures vanquished.

Notes
Turn   | Place    | Note
-------+----------+-------------------------------------------
     0 | D:1      | wingedge the Mummy Earth Elementalist began the quest for
                  | the Orb.
     0 | D:1      | Reached XP level 1. HP: 13/13 MP: 4/4
   128 | D:1      | Reached skill level 3 in Spellcasting
   236 | D:1      | Reached XP level 2. HP: 19/19 MP: 4/6
  1225 | D:2      | Noticed Jessica
  1231 | D:2      | Killed Jessica
  1232 | D:2      | Reached skill level 4 in Spellcasting
  1232 | D:2      | Reached XP level 3. HP: 24/24 MP: 3/8
  1276 | D:2      | Learned a level 3 spell: Stone Arrow
  1360 | D:2      | Reached skill level 1 in Conjurations
  1449 | D:2      | Reached XP level 4. HP: 30/30 MP: 8/10
  1471 | D:2      | Noticed Terence
  1504 | D:2      | Found a bloodstained altar of Trog.
  1880 | D:2      | Noticed Sigmund
  1900 | D:2      | Reached XP level 5. HP: 23/35 MP: 9/12
  2272 | D:3      | Noticed Robin
  2292 | D:3      | Killed Robin
  2293 | D:3      | Reached skill level 5 in Spellcasting
  2764 | D:3      | Upgraded the game from 0.31-a0-875-g02e7d12df6 to
                  | 0.31-a0-876-gfe8ebadbca
  3125 | D:4      | Noticed Eustachio
  3504 | D:4      | Noticed a phantom
  3536 | D:4      | Slain by a phantom

Illustrated notes

Levels and vault maps discovered:
D:1:      orjb1_lava_funnel, layout_basic, minmay_misc_feat_diagonals,
          minmay_misc_feat_iff, hangedman_decor_growths
D:2:      layout_basic, serial_forest, infiniplex_forest_straight_3,
          infiniplex_forest_corner_1, infiniplex_forest_zigzag_1,
          infiniplex_forest_lined_3, infiniplex_forest_straight_5, basic_altar,
          minmay_stone_trees_large, minmay_snake_closets, uniq_jessica,
          uniq_terence, uniq_natasha, uniq_sigmund
D:3:      layout_basic, minmay_cupped, uniq_robin
D:4:      layout_basic, mainiacjoe_overflow_paths,
          gammafunk_temple_overflow_statue, uniq_eustachio

Skill      XL: |  1  2  3  4  5 |
---------------+----------------+-----
Spellcasting   | 3 4 5 |  5.0
Earth Magic    | 3 |  3.0
Conjurations   | 1 2 |  2.7
Dodging        | |  1.5
Stealth        | |  1.5
Transmutations | |  0.7

Action                     |  1- 3 |  4- 6 || total
---------------------------+-------+-------++-------
  Melee: Hand axe          |       |     1 ||     1
         Mace              |       |     4 ||     4
   Cast: Sandblast         |    44 |    77 ||   121
         Stone Arrow       |       |     9 ||     9
    Use: Scroll            |       |     8 ||     8
 Armour: Robe              |     2 |    67 ||    69
  Dodge: Dodged            |     7 |    54 ||    61

Table legend: (Time is in decaauts)
 A = Elapsed time spent in this place.
 B = Non-inter-level travel time spent in this place.
 C = Inter-level travel time spent in this place.
 D = Time resting spent in this place.
 E = Time spent auto-exploring this place.
 F = Levels seen in this place.
 G = Mean time per level.
                   A        B        C        D        E       F      G
               +--------+--------+--------+--------+--------+-----+--------+
         Total |   3600 |   3278 |    322 |   1017 |    680 |   4 |  900.0 |
       Dungeon |   3600 |   3278 |    322 |   1017 |    680 |   4 |  900.0 |
               +--------+--------+--------+--------+--------+-----+--------+

Top non-repeatable levels by time:
     D:1: 1349 daAuts
     D:3: 1102 daAuts
     D:2: 778 daAuts
     D:4: 369 daAuts
